 Dungeon Crawl Stone Soup version 0.19-a0-172-g3b1235c (webtiles) character file.

55 Duffy the Chopper (level 3, 0/20 HPs)
             Began as a Vine Stalker Fighter on May 22, 2016.
             Succumbed to a gnoll's poison
             ... on level 2 of the Dungeon.
             The game lasted 00:01:18 (821 turns).

Duffy the Chopper (Vine Stalker Fighter)             Turns: 821, Time: 00:01:19

Health: 0/20       AC:  6    Str: 18    XL:     3   Next: 93%
Magic:  2/4        EV:  7    Int:  9    God:
Gold:   34         SH:  9    Dex: 13    Spells: 0 memorised, 2 levels left

rFire  . . .     SeeInvis .     a - +0 war axe
rCold  + . .     Gourm    .     b - +0 scale mail
rNeg   . . .     Faith    .     c - +0 shield
rPois  .         Spirit   +     (no helmet)
rElec  .         Dismiss  .     (no cloak)
rCorr  .         Reflect  .     (no gloves)
SustAt .         Harm     .     (no boots)
MR     .....                    (no amulet)
Stlth  ..........               n - ring of loudness (curse)
                                i - ring of protection from cold

@: lethally poisoned (0 -> -17), not resistant to hostile enchantments,
extremely unstealthy
A: fangs 2, regeneration 1, magic shield, antimagic bite, no device heal 3, rot
immunity
a: no special abilities


You were on level 2 of the Dungeon.
You were not hungry.

You visited 1 branch of the dungeon, and saw 2 of its levels.

You collected 34 gold pieces.


Innate Abilities, Weirdness & Mutations

You have extremely sharp teeth.
Your natural rate of healing is unusually fast.
When hurt, damage is shared between your health and your magic reserves.
Your bite disrupts and absorbs the magic of your enemies.
Potions and wands cannot restore your health.
You are immune to rotting.


   Skills:
 + Level 3.1 Fighting
 + Level 3.3 Axes
 - Level 2.4 Armour
 - Level 2.6 Shields


You had 2 spell levels left.
You didn't know any spells.

Inventory:

Hand Weapons
 a - a +0 war axe (weapon)
Missiles
 j - 4 poisoned javelins (quivered)
Armour
 b - a +0 scale mail (worn)
 c - a +0 shield (worn)
Jewellery
 i - a ring of protection from cold (left hand)
 n - a cursed ring of loudness (right hand)
Scrolls
 g - a scroll of remove curse {unknown}
 l - a scroll of magic mapping {unknown}
 m - 2 scrolls of identify {unknown}
 o - a scroll of blinking {unknown}
Potions
 d - a potion of might
 e - 2 potions of curing
 k - a potion of agility {unknown}
Comestibles
 f - a bread ration
 h - a beef jerky

Dungeon Overview and Level Annotations

Branches:
Dungeon (2/15)

Altars:
Kikubaaqudgha


Message History

You are too injured to fight recklessly!
You are too injured to fight recklessly!
You are too injured to fight recklessly!
You are too injured to fight recklessly!
You are too injured to fight recklessly!
You are too injured to fight recklessly!
You are too injured to fight recklessly!
You are too injured to fight recklessly!
You are too injured to fight recklessly!
You are too injured to fight recklessly!
You are too injured to fight recklessly!
You are too injured to fight recklessly!
You are too injured to fight recklessly!
You are too injured to fight recklessly!
You slash the gnoll!
You kill the gnoll!
You see here a spear.
You feel sick.
You feel sick.
You are no longer poisoned.
The gnoll shouts!
A giant cockroach comes into view.
The giant cockroach moves out of view.
The giant cockroach bites you but does no damage.
You block the giant cockroach's attack.
You see here a spear.
The giant cockroach bites you but does no damage.
You see here a coppery potion.
You closely miss the giant cockroach. You block the giant cockroach's attack.
The giant cockroach bites you but does no damage.
You block the giant cockroach's attack.
You slash the giant cockroach!
You kill the giant cockroach!
The gnoll hits you with a spear of venom.
You barely miss the gnoll. Your bite misses the gnoll.
The gnoll hits you with a spear of venom.
You closely miss the gnoll. You bite the gnoll. You drain its power.
You feel invigorated.
The gnoll is lightly wounded.
You block the gnoll's attack.
The gnoll hits you with a spear of venom!
You are lethally poisoned!
You closely miss the gnoll. You bite the gnoll, but do no damage.
The gnoll is lightly wounded.
You feel sick.
The gnoll hits you with a spear of venom.
You are more poisoned.
You closely miss the gnoll.
The gnoll is lightly wounded.
You die...

.#######.#######
~..............#
#
~........!.##.##
~.......##.##.#
..###.#.##)##.##
.# # #.##.#...#
# #.##.##.## ..
.###.#g#...#.#
..
........@.....#
##
#######.#...#.#
# #.##.##.# #
#.##.##.#..
#.##.##.#.
#(##.##..
#.##.#...
#.##.#.##
#....#.#


You could see a gnoll.

Action                   || total
-------------------------++-------
Melee: War axe           ||    64
       Bite              ||    19
  Use: Potion            ||     1
Armor: Scale mail        ||    36
Dodge: Dodged            ||    23
Block: Shield            ||    44

Notes
Turn   | Place    | Note
--------------------------------------------------------------
     0 | D:1      | Duffy the Vine Stalker Fighter began the quest for the Orb.
     0 | D:1      | Reached XP level 1. HP: 11/11 MP: 2/2
   139 | D:1      | Reached skill level 2 in Axes
   252 | D:1      | Reached XP level 2. HP: 16/16 MP: 3/3
   587 | D:1      | Reached skill level 3 in Axes
   587 | D:1      | Reached XP level 3. HP: 10/19 MP: 4/4
   636 | D:2      | Found an ancient bone altar of Kikubaaqudgha.
   776 | D:2      | Reached skill level 3 in Fighting
   821 | D:2      | Succumbed to a gnoll's poison

Skill      XL: |  1  2  3 |
---------------+----------+-----
Axes           | 2 3 |  3.3
Fighting       | 3 |  3.1
Armour         | |  2.4
Shields        | |  2.6

Vault maps used:
D:1:      matt_arrival_refuge, st_stairs_6, roderic_digamma_sauvastika
D:2:      kennysheep_vampire_church, kennysheep_slug_shrine, wad_orctagon

Vanquished Creatures
  2 gnolls
  An adder
  2 dart slugs
  A giant gecko
  3 bat skeletons
  A bat zombie
  A giant cockroach
  3 goblins
  2 hobgoblins
  3 bats
  2 kobolds
  2 rats
23 creatures vanquished.
